 Dungeon Crawl Stone Soup version 0.31-a0-271-gb88eb75e06 (webtiles) character file.

Game seed: 5446486191976043037

173 Crownlay the Shooter (level 5, -11/25 HPs)
             Began as a Spriggan Hunter on July 14, 2023.
             Mangled by Menkaure (16 damage)
             ... on level 4 of the Dungeon.
             The game lasted 00:03:49 (1890 turns).

Crownlay the Shooter (Spriggan Hunter)              Turns: 1890, Time: 00:03:50

Health: -11/25     AC:  3    Str:  7    XL:     5   Next: 28%
Magic:  6/6        EV: 18    Int: 10    God:
Gold:   147        SH:  0    Dex: 21    Spells: 4/4 levels left

rFire   . . .        a - +0 shortbow
rCold   . . .        (shield currently unavailable)
rNeg    . . .        c - +0 robe
rPois   .            (helmet restricted)
rElec   .            o - +0 cloak
rCorr   +            (gloves unavailable)
SInv    +            (boots unavailable)
Will    .....        (no amulet)
Stlth   ++           l - ring of resist corrosion
HPRegen 0.24/turn    (no ring)
MPRegen 0.10/turn

%: no passive effects
@: very quick
A: very small, no large weapons, unfitting armour, see invisible, speed 3
a: no special abilities


You were on level 4 of the Dungeon.
You visited 1 branch of the dungeon, and saw 4 of its levels.

You collected 147 gold pieces.

Inventory:

Hand Weapons
 a - a +0 shortbow (weapon)
Armour
 c - a +0 robe (worn)
 o - a +0 cloak (worn)
Jewellery
 l - a ring of resist corrosion (left hand)
 r - a ring of poison resistance
Scrolls
 b - a scroll of butterflies
 e - 2 scrolls of blinking {unknown}
 g - 2 scrolls of amnesia {unknown}
 m - a scroll of torment {unknown}
 n - a scroll of identify {unknown}
 q - 2 scrolls of revelation {unknown}
Potions
 d - 2 potions of attraction {unknown}
 f - 2 potions of curing {unknown}
 h - a potion of berserk rage {unknown}
 i - a potion of enlightenment {unknown}
 j - a potion of lignification {unknown}
 k - 2 potions of brilliance {unknown}
 p - a potion of degeneration {unknown}
 s - a potion of might {unknown}


   Skills:
 - Level 1.5 Fighting
 * Level 6.3 Ranged Weapons
 - Level 2.6 Dodging
 - Level 1.5 Stealth
 - Level 1.2 Evocations
 + Level 1.4 Shapeshifting


You had 4 spell levels left.
You didn't know any spells.
Your spell library contained the following spells:

 Spells                   Type           Power      Damage    Failure   Level
 Kiss of Death            Conj/Necr      0%         2d5       36%         1
 Confusing Touch          Hex            0%         N/A       75%         3
 Dispel Undead            Necr           0%         3d6       98%         4


Dungeon Overview and Level Annotations

Branches:
Dungeon (4/15)
 Temple: D:4-7

Altars:
Makhleb
Uskayaw

Shops:
D:2 =

Annotations:
D:3 2 transporters
D:4 Menkaure


Innate Abilities, Weirdness & Mutations

You are very small and have problems with some larger weapons.
You are too small for most types of armour.
You have supernaturally acute eyesight. (SInv)
You cover ground extremely quickly. (Speed+++)


Message History

* * * LOW HITPOINT WARNING * * *
Fire: a) +0 shortbow
Press: ? - help, Q - select action Shift-Dir - straight line, f/p - Menkaure
Aim: Menkaure (lightly damaged, 78% to hit)
You shoot an arrow. The arrow hits Menkaure.
Menkaure is moderately damaged.
Fire: a) +0 shortbow
Press: ? - help, Q - select action Shift-Dir - straight line, f/p - Menkaure
Aim: Menkaure (moderately damaged, 78% to hit)
You shoot an arrow.
The arrow hits Menkaure but does no damage.
Menkaure is moderately damaged.
Fire: a) +0 shortbow
Press: ? - help, Q - select action Shift-Dir - straight line, f/p - Menkaure
Aim: Menkaure (moderately damaged, 78% to hit)
You shoot an arrow. The arrow hits Menkaure.
Menkaure is heavily damaged.
Fire: a) +0 shortbow
Press: ? - help, Q - select action Shift-Dir - straight line, f/p - Menkaure
Aim: Menkaure (heavily damaged, 78% to hit)
You shoot an arrow. The arrow barely misses Menkaure.
Fire: a) +0 shortbow
Press: ? - help, Q - select action Shift-Dir - straight line, f/p - Menkaure
Aim: Menkaure (heavily damaged, 78% to hit)
You shoot an arrow. The arrow hits Menkaure.
Menkaure is severely damaged.
Fire: a) +0 shortbow
Press: ? - help, Q - select action Shift-Dir - straight line, f/p - Menkaure
Aim: Menkaure (severely damaged, 78% to hit)
You shoot an arrow. The arrow hits Menkaure.
Menkaure is severely damaged.
Menkaure misses you.
Fire: a) +0 shortbow
Press: ? - help, Q - select action Shift-Dir - straight line, f/p - Menkaure
Aim: Menkaure (severely damaged, 78% to hit)
You shoot an arrow. The arrow hits Menkaure.
Menkaure is almost destroyed.
Menkaure hits you!
Ouch! That really hurt!
You die...

#.....# ##.
####.....#
##..#..
#.....#
#......
#.....# #
.....
#.....#
##.#...#
#.....# .
....#.#
#.....#
#...#.#M.#
#..>..#
#....@.##
#.....#
[.....##..#
#.....#
.##.# ##.#
##.#### #
#.# #.#
#.####.#
#..##..# #
##.##..#
#..##.##..#
#.....#..#


You could see Menkaure.

Vanquished Creatures
  Crazy Yiuf (D:2)
  An iguana (D:2)
  Jessica (D:2)
  3 gnolls (D:3)
  An adder (D:3)
  A worm (D:2)
  An orc (D:3)
  2 ball pythons (D:1)
  5 endoplasms
  3 giant cockroaches
  6 goblins
  3 hobgoblins
  3 jackals (D:1)
  3 quokkas
  5 bats
  3 frilled lizards
  2 kobolds
  10 rats
54 creatures vanquished.

Vanquished Creatures (others)
  A hobgoblin (D:4)
1 creature vanquished.

Grand Total: 55 creatures vanquished

Notes
Turn   | Place    | Note
-------+----------+-------------------------------------------
     0 | D:1      | Crownlay the Spriggan Hunter began the quest for the Orb.
     0 | D:1      | Reached XP level 1. HP: 10/10 MP: 2/2
   192 | D:1      | Reached XP level 2. HP: 14/14 MP: 3/3
   208 | D:1      | Found a faded altar of an unknown god.
   421 | D:1      | Reached skill level 5 in Ranged Weapons
   424 | D:1      | Reached XP level 3. HP: 18/18 MP: 4/4
   849 | D:2      | Reached XP level 4. HP: 22/22 MP: 5/5
   880 | D:2      | Noticed Jessica
   888 | D:2      | Killed Jessica
   889 | D:2      | Reached skill level 1 in Evocations
   938 | D:2      | Found Honkeloism's Jewellery Boutique.
  1067 | D:2      | Found a runed translucent door.
  1068 | D:2      | Noticed Crazy Yiuf
  1105 | D:2      | Killed Crazy Yiuf
  1106 | D:2      | Reached skill level 6 in Ranged Weapons
  1199 | D:3      | Found a transporter.
  1398 | D:3      | Found a hide-covered altar of Uskayaw.
  1469 | D:3      | Reached skill level 1 in Shapeshifting
  1469 | D:3      | Reached XP level 5. HP: 25/25 MP: 6/6
  1504 | D:3      | Found a transporter.
  1827 | D:4      | Found a burning altar of Makhleb.
  1881 | D:4      | Noticed Menkaure
  1890 | D:4      | Mangled by Menkaure

Illustrated notes

Levels and vault maps discovered:
D:1:      lemuel_arrival_lava_pool, layout_loops_ring,
          shapermc_ecumenical_altar_mp_ritualfount
D:2:      layout_rooms, serial_shops, shop_statue, serial_park_tiny_2,
          st_stairs_7, uniq_jessica, uniq_crazy_yiuf_cottage
D:3:      gammafunk_steamed_eel, layout_loops_ring, mainiacjoe_overflow_catwalk,
          fountainhead, nicolae_grassy_gnolls
D:4:      layout_rooms, grunt_temple_overflow_holy_war, lightli_temple_of_fire,
          nicolae_ossuary_entry_ruins, uniq_blork_the_orc, uniq_menkaure,
          uniq_eustachio

Skill      XL: |  1  2  3  4 |
---------------+-------------+-----
Ranged Weapons | 5 6 |  6.3
Evocations     | 1 |  1.2
Shapeshifting  | 1 |  1.4
Fighting       | |  1.5
Dodging        | |  2.6
Stealth        | |  1.5

Action                     |  1- 3 |  4- 6 || total
---------------------------+-------+-------++-------
   Fire: Shortbow          |    86 |    47 ||   133
 Armour: Robe              |     4 |     1 ||     5
  Dodge: Dodged            |    18 |     5 ||    23

Table legend: (Time is in decaauts)
 A = Elapsed time spent in this place.
 B = Non-inter-level travel time spent in this place.
 C = Inter-level travel time spent in this place.
 D = Time resting spent in this place.
 E = Time spent auto-exploring this place.
 F = Levels seen in this place.
 G = Mean time per level.
                   A        B        C        D        E       F      G
               +--------+--------+--------+--------+--------+-----+--------+
         Total |   1232 |   1185 |     47 |      0 |    941 |   4 |  308.0 |
       Dungeon |   1232 |   1185 |     47 |      0 |    941 |   4 |  308.0 |
               +--------+--------+--------+--------+--------+-----+--------+

Top non-repeatable levels by time:
     D:1: 470 daAuts
     D:3: 409 daAuts
     D:2: 293 daAuts
     D:4: 58 daAuts
